 Dungeon Crawl Stone Soup version 0.21.1-1-g345015fe64 (webtiles) character file.

272 Ivernyr the Skirmisher (level 6, -1/32 HPs)
             Began as a Vine Stalker Monk on June 10, 2018.
             Slain by an ogre
             ... wielding a +0 giant club
              (19 damage)
             ... on level 4 of the Dungeon.
             The game lasted 00:05:22 (2252 turns).

Ivernyr the Skirmisher (Vine Stalker Monk)          Turns: 2252, Time: 00:05:22

Health: -1/32      AC:  8    Str: 14    XL:     6   Next: 23%
Magic:  0/7        EV:  7    Int: 10    God:
Gold:   102        SH:  0    Dex: 18    Spells: 5/5 levels left

rFire    . . .     SeeInvis .   a - +0 falchion
rCold    . . .     Gourm    .   (no shield)
rNeg     . . .     Faith    .   b - +0 chain mail
rPois    .         Spirit   +   (no helmet)
rElec    .         Reflect  .   (no cloak)
rCorr    .         Harm     .   (no gloves)
MR       .....                  (no boots)
Stlth    ..........             (no amulet)
HPRegen  0.50/turn              (no ring)
MPRegen  0.10/turn              (no ring)

@: no status effects
A: fangs 2, regeneration 1, magic shield, antimagic bite, no potion heal 3, rot
immunity
a: no special abilities


You were on level 4 of the Dungeon.
You were not hungry.

You visited 1 branch of the dungeon, and saw 4 of its levels.

You collected 102 gold pieces.

Inventory:

Hand Weapons
 a - a +0 falchion (weapon)
Armour
 b - a +0 chain mail (worn)
Wands
 k - a wand of flame (29)
Scrolls
 e - 2 scrolls of identify {unknown}
 f - a scroll of blinking {unknown}
 h - a scroll of amnesia {unknown}
 i - a scroll of fog {unknown}
 l - 2 scrolls of remove curse {unknown}
Potions
 d - a potion of lignification {unknown}
 g - a potion of curing {unknown}
 j - a potion of brilliance {unknown}
 m - a potion of haste {unknown}
Comestibles
 c - 8 rations


   Skills:
 + Level 3.6 Fighting
 + Level 3.6 Long Blades
 * Level 3.2 Throwing
 + Level 1.9 Armour
 - Level 2.4 Dodging
 - Level 2.4 Stealth


You had 5 spell levels left.
You didn't know any spells.

Dungeon Overview and Level Annotations

Branches:
Dungeon (4/15)
 Temple: D:4-7

Altars:
Cheibriados

Annotations:
D:3 Grinder


Innate Abilities, Weirdness & Mutations

You have extremely sharp teeth.
Your natural rate of healing is unusually fast.
When hurt, damage is shared between your health and your magic reserves.
Your bite disrupts and absorbs the magic of your enemies.
Potions cannot restore your health.
You are immune to rotting.


Message History

You kill the giant cockroach!
You hit the ogre but do no damage. The ogre hits you with a giant club!
You hit the ogre but do no damage. You hit the ogre but do no damage.
The ogre closely misses you.
You riposte.
You hit the ogre. You bite the ogre, but do no damage.
The ogre is moderately wounded.
Your chain mail prevents you from hitting the ogre.
You bite the ogre. You drain its power.
You feel invigorated.
The ogre is moderately wounded.
The ogre closely misses you.
You hit the ogre. You bite the ogre. You drain its power.
The ogre is heavily wounded.
The ogre hits you with a giant club!
Your chain mail prevents you from hitting the ogre.
The ogre is heavily wounded.
The ogre barely misses you.
You see here a quokka corpse.
The ogre hits you with a giant club!!
Ouch! That really hurt!
You die...

#...)...=..#
#...(......#
########..........#
..................#
########..........#
#...........#
###...........#
####........O...<#
##....#.######@####
#..####.# #.# ##.##
..# #.# ##..# #.##
#.# ...## .. #.#
.### .## #.# .# .
#.# .# #.# .#


You could see an ogre.

Vanquished Creatures
  Sigmund (D:2)
  Terence (D:3)
  4 adders
  A worm (D:3)
  3 dart slugs
  2 leopard geckos
  4 bats
  6 giant cockroaches
  2 hobgoblins
  3 jackals (D:2)
  3 quokkas
  A ball python (D:2)
  4 frilled lizards
  3 goblins
  4 kobolds
  A quokka skeleton (D:3)
  4 rats
47 creatures vanquished.

Vanquished Creatures (others)
  5 toadstools (D:1)
5 creatures vanquished.

Grand Total: 52 creatures vanquished

Notes
Turn   | Place    | Note
-------+----------+-------------------------------------------
     0 | D:1      | Ivernyr the Vine Stalker Monk began the quest for the Orb.
     0 | D:1      | Reached XP level 1. HP: 11/11 MP: 2/2
   452 | D:1      | Reached XP level 2. HP: 9/16 MP: 3/3
   769 | D:2      | Reached skill level 1 in Throwing
   843 | D:2      | Found a snail-covered altar of Cheibriados.
  1029 | D:2      | Reached XP level 3. HP: 15/19 MP: 4/4
  1217 | D:2      | Noticed Sigmund
  1461 | D:2      | Reached skill level 1 in Armour
  1461 | D:2      | Gained mutation: Your natural rate of healing is unusually fast. [Vine Stalker growth]
  1461 | D:2      | Reached XP level 4. HP: 17/24 MP: 3/5
  1575 | D:2      | Killed Sigmund
  1575 | D:2      | Reached XP level 5. HP: 13/28 MP: 3/6
  1886 | D:3      | Reached XP level 6. HP: 30/32 MP: 5/7
  2032 | D:3      | Noticed Terence
  2044 | D:3      | Killed Terence
  2106 | D:3      | Noticed Grinder
  2109 | D:3      | Paralysed by something for 7 turns
  2252 | D:4      | Slain by an ogre

Skill      XL: |  1  2  3  4 |
---------------+-------------+-----
Throwing       | 1 3 |  3.2
Fighting       | 3 |  3.6
Long Blades    | 3 |  3.6
Armour         | 1 |  1.9
Dodging        | |  2.4
Stealth        | |  2.4

Action                   |  1- 3 |  4- 6 || total
-------------------------+-------+-------++-------
Melee: Falchion          |    74 |    69 ||   143
       Bite              |    25 |    36 ||    61
 Stab: Sleeping          |     6 |     2 ||     8
  Eat: Chunk             |     2 |     2 ||     4
Armor: Robe              |    22 |     2 ||    24
       Chain mail        |       |    10 ||    10
Dodge: Dodged            |    66 |    33 ||    99
       Rpst.: Falchion   |    22 |     8 ||    30
